AoeStats
← 我想做个好人

Migration

509545333Analyzed
1v1 RM · 6d ago on Sep 27, 2026· 52m 41s· 2 players
Game mode
Random Map
Map size
132×132
Population
200
Speed
Normal
Resources
Standard
Victory
Conquest
Starting age
Dark Age
Ending age
Imperial Age
RankedLock teamsTeams togetherTeam positionsShared explorationLock speedFull tech treeHidden civsTurbo modeCheats
Victory
Defeat
🇺🇸 Vikings · United States
685
+15
🇨🇳 Celts · China
655
-15
我想做个好人
11:54 Feudal Age
12:00 Loom
13:21 Double-Bit Axe
13:22 Horse Collar
14:54 Gold Mining
23:46 Fletching
24:29 Padded Archer Armor
27:04 Castle Age
27:48 Bodkin Arrow
28:08 Stone Mining
30:18 Stone Shaft Mining
31:46 Town Watch
35:43 Leather Archer Armor
36:25 Bow Saw
36:22 Heavy Plow
37:07 Wheelbarrow
40:07 Gold Shaft Mining
42:09 Imperial Age
40:32 Forging
40:23 Scale Mail Armor
39:49 Pikeman
42:12 Halberdier
44:34 Iron Casting
44:53 Crossbowman
48:03 Capped Ram
YamahaPiano
13:03 Feudal Age
13:08 Loom
13:07 Man-at-Arms
13:33 Arson
13:59 Double-Bit Axe
17:28 Fishing Lines
20:07 Castle Age
20:41 Horse Collar
25:34 Gold Mining
25:34 Stone Mining
27:02 Heavy Plow
27:57 Gold Shaft Mining
29:26 Bow Saw
31:25 Town Watch
36:11 Town Patrol
38:41 Scale Barding Armor
38:46 Forging
38:37 Scale Mail Armor
43:34 Imperial Age
42:29 Chain Barding Armor
42:24 Chain Mail Armor
42:45 Iron Casting
45:05 Crop Rotation
45:37 Two-Man Saw
44:49 Elite Berserk
46:39 Cavalier
47:55 Plate Mail Armor
48:01 Iron Casting
48:28 Conscription
48:09 Bogsveigar
49:19 Squires
49:38 Elite Varangian Guard
Connection lost

Rejoining the realm…

Still unreachable

The connection could not be restored.

Session expired

The server has moved on; the page needs a fresh start.